 Dungeon Crawl Stone Soup version 0.24-a0-201-gf205589 (webtiles) character file.

Game seed: 17799529453470932676

56 Ijustatesigmund the Magician (level 3, -4/24 HPs)
             Began as an Octopode Wizard on Mar 21, 2019.
             Slain by a goblin
             ... wielding a +0 dagger
             ... led by Robin
              (8 damage)
             ... on level 2 of the Dungeon.
             The game lasted 00:03:50 (2170 turns).

Ijustatesigmund the Magician (Octopode Wizard)      Turns: 2170, Time: 00:03:50

Health: -4/24      AC:  2    Str: 11    XL:     3   Next: 95%
Magic:  0/7        EV: 13    Int: 20    God:
Gold:   53         SH:  0    Dex: 11    Spells: 2/8 levels left

rFire    . . .     SeeInvis .   j - +3 hand axe (flame)
rCold    . . .     Gourm    .   (no shield)
rNeg     . . .     Faith    .   a - +1 hat
rPois    .         Spirit   .   (no amulet)
rElec    .         Reflect  .   (no ring)
rCorr    .         Harm     .   (no ring)
MR       .....                  (no ring)
Stlth    +++.......             (no ring)
HPRegen  0.08/turn              (no ring)
MPRegen  0.10/turn              (no ring)
                                (no ring)
                                (no ring)

@: mighty, flying, invisible
A: almost no armour, stealthy swim, amphibious, 8 rings, constrict 8, camouflage
1, gelatinous body 1
a: no special abilities


You were on level 2 of the Dungeon.
You were hungry.

You visited 1 branch of the dungeon, and saw 2 of its levels.

You collected 53 gold pieces.

Inventory:

Hand Weapons
 d - a +0 dagger
 i - a +0 morningstar
 j - a +3 hand axe of flaming (weapon)
Armour
 a - a +1 hat (worn)
Potions
 g - a potion of curing {unknown}
 h - a potion of agility {unknown}
Comestibles
 c - 4 rations


   Skills:
 - Level 1.7 Fighting
 + Level 0.5 Axes
 - Level 2.0 Dodging
 - Level 2.6 Stealth
 - Level 3.0 Spellcasting
 + Level 2.3 Conjurations
   Level 1.0 Summonings
 + Level 1.8 Translocations


You had 2 spell levels left.
You knew the following spells:

 Your Spells              Type           Power        Failure   Level  Hunger
a - Magic Dart            Conj           ##..         5%          1    None
b - Blink                 Tloc           N/A          10%         2    ##.....
c - Conjure Flame         Conj/Fire      #.......     26%         3    ###....

Your spell library contained the following spells:

 Spells                   Type           Power        Failure   Level  Hunger
 Call Imp                 Summ           #.......     14%         2    ##.....
 Slow                     Hex            #.......     22%         2    ##.....
 Mephitic Cloud           Conj/Pois/Air  #.......     30%         3    ###....


Dungeon Overview and Level Annotations

Branches:
Dungeon (2/15)

Altars:

Annotations:
D:2 Robin


Innate Abilities, Weirdness & Mutations

You cannot wear most types of armour.
You are very stealthy in the water. (Stealth+)
You are amphibious.
You can wear up to eight rings at the same time.
You can use your tentacles to constrict eight enemies at once.
Your skin changes colour to match your surroundings (Stealth+).
Your rubbery body absorbs attacks. (AC +1, EV +1)


Message History

You blink.
As you read the scroll labeled CAUTU LIPHURIDD, it crumbles to dust.
It is a scroll of enchant armour.
Your +0 hat glows green for a moment.
It was a potion of flight.
You feel very buoyant.
You fly up into the air.
It was a potion of might.
You feel very mighty all of a sudden.
You slash the goblin! You burn the goblin.
You kill the goblin!
You closely miss the goblin. Robin throws the goblin at you!
* * * LOW HITPOINT WARNING * * *
The goblin hits you with a +0 dagger.
* * * LOW HITPOINT WARNING * * *
It was a potion of invisibility.
You fade into invisibility!
The adder barely misses you. The goblin closely misses you.
The goblin hits you with a +0 dagger!
You die...

#.# #.# #.# #.# ##.## #######g##
### #...# #........# #.. #.#.#
.....g...# #.. ##.#.## #........#
#.. #..#..# #.g......# #..
##.###.## #Sgg.....# #..
###..#.#..####@gg.....# #.#
###...##.##...########.## #.#
....###...###....#####.# #.#
........⌠...####....†..# #.#
....###...###....#####.########.#
###...##.##...#### #.............
###..#.#..### #.##########..
##.###.## #.# #.. #..#..# #.# #..


You could see Robin, an adder, a hobgoblin and 5 goblins.

Vanquished Creatures
  An adder (D:2)
  A worm (D:2)
  2 dart slugs (D:1)
  A leopard gecko (D:1)
  A ball python (D:1)
  2 giant cockroaches
  8 goblins
  8 hobgoblins
  A quokka (D:2)
  3 bats
  3 frilled lizards
  2 kobolds (D:1)
  3 rats
36 creatures vanquished.

Notes
Turn   | Place    | Note
-------+----------+-------------------------------------------
     0 | D:1      | Ijustatesigmund the Octopode Wizard began the quest for the
                  | Orb.
     0 | D:1      | Reached XP level 1. HP: 11/11 MP: 4/4
   488 | D:1      | Reached skill level 1 in Fighting
   488 | D:1      | Reached XP level 2. HP: 18/18 MP: 3/6
   620 | D:1      | Learned a level 2 spell: Blink
  1215 | D:1      | Reached XP level 3. HP: 18/23 MP: 7/7
  2053 | D:2      | Learned a level 3 spell: Conjure Flame
  2155 | D:2      | Noticed Robin
  2170 | D:2      | Slain by a goblin

Levels and vault maps discovered:
D:1:      grunt_arrival_lava_bath, layout_loops_cross, minmay_tetromino_i4
D:2:      minmay_general_purpose_star, layout_basic, first_ration, uniq_natasha,
          uniq_terence, uniq_robin

Skill      XL: |  1  2  3 |
---------------+----------+-----
Fighting       | 1 |  1.7
Conjurations   | 2 |  2.3
Axes           | |  0.5
Dodging        | |  2.0
Stealth        | |  2.6
Spellcasting   | |  3.0
Summonings     | |  1.0
Translocations | |  1.8

Action                   || total
-------------------------++-------
Melee: Dagger            ||    27
       Constrict         ||     8
       Tentacles         ||     4
       Hand axe          ||     7
 Cast: Magic Dart        ||    53
       Blink             ||     1
  Use: Scroll            ||     3
       Potion            ||     3
 Stab: Sleeping          ||     3
  Eat: Chunk             ||     3
Armor: Skin              ||     5
Dodge: Dodged            ||    22

Table legend:
 A = Non-vault XP
 B = Vault XP
 C = Vault XP percentage of total XP
 D = Non-vault monster count
 E = Vault monster count
 F = Vault count percentage of total count
                 A         B        C        D         E       F
            +---------+---------+-------+---------+---------+-------
      Total |      61 |      19 |  23.8 |      26 |      10 |  27.8
            +---------+---------+-------+---------+---------+-------
        D:1 |      35 |       7 |  16.7 |      19 |       3 |  13.6
        D:2 |      26 |      12 |  31.6 |       7 |       7 |  50.0
            +---------+---------+-------+---------+---------+-------
